 Dungeon Crawl Stone Soup version 0.31-a0-408-gb642c7f9a3 (webtiles) character file.

Game seed: 10229259750500286636

16 shadowstone the Gusty (level 2, -6/20 HPs)
             Began as a Draconian Air Elementalist on July 29, 2023.
             Was an Initiate of Yredelemnul.
             Mangled by a sleepcap (8 damage)
             ... on level 3 of the Dungeon.
             The game lasted 00:04:03 (515 turns).

shadowstone the Gusty (Draconian Air Elementalist)   Turns: 515, Time: 00:04:06

Health: -6/20      AC:  4    Str: 10    XL:     2   Next: 37%
Magic:  5/5        EV: 12    Int: 15    God:    Yredelemnul [......]
Gold:   18         SH:  0    Dex: 11    Spells: 4/5 levels left

rFire   . . .        (no weapon)
rCold   . . .        (no shield)
rNeg    . . .        (body armour unavailable)
rPois   .            (helmet restricted)
rElec   .            (no cloak)
rCorr   .            (no gloves)
SInv    .            (no boots)
Will    .....        (no amulet)
Stlth   ++           (no ring)
HPRegen 0.23/turn    (no ring)
MPRegen 0.09/turn

%: no passive effects
@: no status effects
A: AC +4, unfitting armour, cold-blooded
a: Renounce Religion, Recall Undead Harvest


You were on level 3 of the Dungeon.
You worshipped Yredelemnul.
Yredelemnul was noncommittal.
You visited 1 branch of the dungeon, and saw 3 of its levels.

You collected 18 gold pieces.

Inventory:

Scrolls
 b - a scroll of fog {unknown}
 d - a scroll of amnesia {unknown}
Potions
 a - a potion of magic
 c - a potion of invisibility {unknown}


   Skills:
 + Level 0.1 Fighting
 + Level 1.8 Dodging
 + Level 1.7 Stealth
 + Level 2.1 Spellcasting
 + Level 1.3 Conjurations
 + Level 3.5 Air Magic


You had 4 spell levels left.
You knew the following spells:

 Your Spells              Type           Power      Damage    Failure   Level
a - Shock                 Conj/Air       32%        1d5       9%          1

Your spell library contained the following spells:

 Spells                   Type           Power      Damage    Failure   Level
 Static Discharge         Conj/Air       16%        2-3/arc   12%         2
 Magic Dart               Conj           20%        1d4       13%         1
 Swiftness                Air            12%        N/A       16%         3
 Call Imp                 Summ           2%         N/A       32%         2
 Mephitic Cloud           Conj/Pois/Air  6%         N/A       34%         3
 Airstrike                Air            6%         2d(1-17)  45%         4


Dungeon Overview and Level Annotations

Branches:
Dungeon (3/15)

Altars:
Yredelemnul


Innate Abilities, Weirdness & Mutations

Your plain brown scales are hard. (AC +4)
You cannot fit into any form of body armour.
You are cold-blooded and may be slowed by cold attacks.


Message History

Your ball python zombie constricts the sleepcap.
The sleepcap releases spores at you.
You wake up.
You are engulfed in a cloud of soporific spores!
You are unaffected.
You hit the sleepcap. You tail-slap the sleepcap.
The sleepcap is lightly damaged.
Your ball python zombie bites the sleepcap but does no damage.
Your ball python zombie constricts the sleepcap.
The sleepcap barely misses you.
You hit the sleepcap.
You tail-slap the sleepcap, but do no damage.
The sleepcap is moderately damaged.
Your ball python zombie bites the sleepcap but does no damage.
Your ball python zombie constricts the sleepcap.
The sleepcap barely misses you.
You hit the sleepcap but do no damage.
The sleepcap is moderately damaged.
Your ball python zombie bites the sleepcap but does no damage.
Your ball python zombie constricts the sleepcap.
The sleepcap releases spores at you.
You are engulfed in a cloud of soporific spores!
You are unaffected.
You completely miss the sleepcap.
The sleepcap is moderately damaged.
Your ball python zombie bites the sleepcap but does no damage.
Your ball python zombie constricts the sleepcap.
The sleepcap releases spores at you but does no damage.
You hit the sleepcap but do no damage.
The sleepcap is moderately damaged.
Your ball python zombie bites the sleepcap but does no damage.
Your ball python zombie constricts the sleepcap.
The sleepcap releases spores at you!
* * * LOW HITPOINT WARNING * * *
You hit the sleepcap but do no damage. You tail-slap the sleepcap.
The sleepcap is moderately damaged.
Your ball python zombie bites the sleepcap.
Your ball python zombie constricts the sleepcap.
The sleepcap releases spores at you!
You die...
Your body rises from the dead as a mindless zombie.

#############
.......Z..).###
#.f@......#######
.....................
...$..#####.#.#######
..#### #.#.# . #.#.#
#.#.### #.#...#
#.###.# #.#


You could see a sleepcap (ally target) and a friendly ball python zombie.

Vanquished Creatures
  A bat (D:1)
  An endoplasm (D:1)
  A giant cockroach (D:1)
  2 goblins (D:1)
  4 hobgoblins
  2 ball pythons
  A frilled lizard (D:1)
  2 kobolds (D:2)
14 creatures vanquished.

Notes
Turn   | Place    | Note
-------+----------+-------------------------------------------
     0 | D:1      | shadowstone the Draconian Air Elementalist began the quest
                  | for the Orb.
     0 | D:1      | Reached XP level 1. HP: 14/14 MP: 3/3
   143 | D:1      | Reached XP level 2. HP: 4/20 MP: 3/5
   387 | D:2      | Found a faded altar of an unknown god.
   439 | D:2      | Prayed at the altar of an unknown god.
   439 | D:2      | Became a worshipper of Yredelemnul the Dark
   439 | D:2      | Reached * piety under Yredelemnul
   515 | D:3      | Mangled by a sleepcap

Illustrated notes

Levels and vault maps discovered:
D:1:      tarquinn_simple_flora_water_b, layout_rooms
D:2:      layout_loops_ring, hellmonk_ecumenical_altar_blasted
D:3:      kennysheep_goblin_castle, layout_loops_ring, minivault_27

Action                     || total
---------------------------++-------
  Melee: Unarmed           ||    42
         Tailslap          ||    10
   Cast: Shock             ||    10
    Use: Scroll            ||     1
 Armour: Skin              ||    23
  Dodge: Dodged            ||    40

Table legend: (Time is in decaauts)
 A = Elapsed time spent in this place.
 B = Non-inter-level travel time spent in this place.
 C = Inter-level travel time spent in this place.
 D = Time resting spent in this place.
 E = Time spent auto-exploring this place.
 F = Levels seen in this place.
 G = Mean time per level.
                   A        B        C        D        E       F      G
               +--------+--------+--------+--------+--------+-----+--------+
         Total |    517 |    503 |     14 |     86 |     77 |   3 |  172.3 |
       Dungeon |    517 |    503 |     14 |     86 |     77 |   3 |  172.3 |
               +--------+--------+--------+--------+--------+-----+--------+

Top non-repeatable levels by time:
     D:1: 275 daAuts
     D:2: 184 daAuts
     D:3: 56 daAuts
